| TOP OF THE 1ST |
|
University of Southern California Trojans batting - Pitching for Coastal Carolina University Chanticleers : LHP Arturo Guevara
|
|
Pitching: LHP Arturo Guevara
|
|
|
Batting: LHB Alonzo Catalan
|
0-0: Ball 1-0: Ground out 4-3 (Groundball, 34, EV 80.6 MPH)
|
|
Batting: LHB John Rumbolt
|
0-0: Called Strike 0-1: Foul Ball, location: 2F 0-2: Foul Ball, location: 2F 0-2: Ball 1-2: Strikes out swinging
|
|
Batting: RHB Eric Baker
|
0-0: Called Strike 0-1: Foul Ball, location: 2F 0-2: Reached on error, E6 (Groundball, 6S, EV 69.4 MPH)
|
|
Batting: SHB Jason Keys
|
0-0: Foul Ball, location: 2F 0-1: Ball 1-1: SINGLE (Groundball, 56S, EV 64.4 MPH) (infield hit) Eric Baker to third
|
|
Batting: RHB Rick Acevedo
|
0-0: Foul Ball, location: 2F 0-1: Ball 1-1: Ground out 6-3 (Groundball, 56, EV 98.1 MPH)
|
| Top of the 1st over - 0 runs, 1 hit, 1 error, 2 left on base; University of Southern California 0 - Coastal Carolina University 0 |
| BOTTOM OF THE 1ST |
|
Coastal Carolina University Chanticleers batting - Pitching for University of Southern California Trojans : LHP Garett Fazio
|
|
Pitching: LHP Garett Fazio
|
|
|
Batting: RHB Tatsunori Ishigaki
|
0-0: Ground out 4-3 (Groundball, 4, EV 83.8 MPH)
|
|
Batting: RHB Dennis Bennett
|
0-0: Called Strike 0-1: Ball 1-1: Called Strike 1-2: Strikes out swinging
|
|
Batting: LHB Orlando Hurtado
|
0-0: Ground out 4-3 (Groundball, 4, EV 87.5 MPH)
|
| Bottom of the 1st over - 0 runs, 0 hits, 0 errors, 0 left on base; University of Southern California 0 - Coastal Carolina University 0 |
| TOP OF THE 2ND |
|
University of Southern California Trojans batting - Pitching for Coastal Carolina University Chanticleers : LHP Arturo Guevara
|
|
Batting: RHB John Sandberg
|
0-0: Ball 1-0: Fly out, F9 (Flyball, 9D, EV 92.5 MPH)
|
|
Batting: RHB Jeremy McAbee
|
0-0: Ball 1-0: Called Strike 1-1: Foul Ball, location: 2F 1-2: Ball 2-2: Foul Ball, location: 2F 2-2: Hit by Pitch
|
|
Batting: LHB Roger Kean
|
0-0: Foul Ball, location: 2F 0-1: Ball 1-1: Fly out, F7 (Flyball, 7D, EV 106.2 MPH)
|
|
Batting: RHB Tri Kartini
|
0-0: Swinging Strike 0-1: Fly out, F8 (Flyball, 8RXD, EV 101.2 MPH)
|
| Top of the 2nd over - 0 runs, 0 hits, 0 errors, 1 left on base; University of Southern California 0 - Coastal Carolina University 0 |
| BOTTOM OF THE 2ND |
|
Coastal Carolina University Chanticleers batting - Pitching for University of Southern California Trojans : LHP Garett Fazio
|
|
Batting: RHB Isaac Washington
|
0-0: Ball 1-0: Ball 2-0: Foul Ball, location: 2F 2-1: Called Strike 2-2: Strikes out swinging
|
|
Batting: RHB Alex Montiel
|
0-0: Called Strike 0-1: Called Strike 0-2: Strikes out swinging
|
|
Batting: RHB Mark Tart
|
0-0: Called Strike 0-1: Swinging Strike 0-2: Foul Ball, location: 2F 0-2: Hit by Pitch
|
|
Batting: RHB Oscar Hernandez
|
0-0: Ball Mark Tart is caught stealing 2nd base 2-4
|
| Bottom of the 2nd over - 0 runs, 0 hits, 0 errors, 0 left on base; University of Southern California 0 - Coastal Carolina University 0 |
| TOP OF THE 3RD |
|
University of Southern California Trojans batting - Pitching for Coastal Carolina University Chanticleers : LHP Arturo Guevara
|
|
Batting: LHB Alonzo Catalan
|
0-0: Ball 1-0: Called Strike 1-1: SINGLE (Groundball, 56, EV 103.8 MPH) (infield hit)
|
|
Batting: LHB John Rumbolt
|
0-0: Ball 1-0: Ball 2-0: Ball Alonzo Catalan is caught stealing 2nd base 2-6 3-0: Called Strike 3-1: SINGLE (Line Drive, 7S, EV 111.2 MPH)
|
|
Batting: RHB Eric Baker
|
0-0: Called Strike 0-1: Foul Ball, location: 2F 0-2: Ball 1-2: Ball 2-2: Foul Ball, location: 2F 2-2: Foul Ball, location: 2F 2-2: SINGLE (Groundball, 34D, EV 100.0 MPH) John Rumbolt to second Runner from 2nd tries for 3rd, SAFE, no throw by RF
|
|
Batting: SHB Jason Keys
|
0-0: Ball 1-0: Called Strike 1-1: SINGLE (Flyball, 56D, EV 98.1 MPH) John Rumbolt scores Eric Baker to second
|
|
Batting: RHB Rick Acevedo
|
0-0: Ball 1-0: Called Strike 1-1: Ball 2-1: Foul Ball, location: 2F 2-2: Foul Ball, location: 2F 2-2: Strikes out looking
|
|
Batting: RHB John Sandberg
|
0-0: Ball 1-0: Fielders Choice at 2nd, 5-4 (Groundball, 5L, EV 84.4 MPH)
|
| Top of the 3rd over - 1 run, 4 hits, 0 errors, 2 left on base; University of Southern California 1 - Coastal Carolina University 0 |
| BOTTOM OF THE 3RD |
|
Coastal Carolina University Chanticleers batting - Pitching for University of Southern California Trojans : LHP Garett Fazio
|
|
Batting: RHB Oscar Hernandez
|
0-0: Foul Ball, location: 2F 0-1: Ball 1-1: Fly out, F3 (Popup, 3SF, EV 76.9 MPH)
|
|
Batting: LHB Justin Sanders
|
0-0: Called Strike 0-1: Ball 1-1: Ball 2-1: Ball 3-1: Foul Ball, location: 2F 3-2: Strikes out swinging
|
|
Batting: RHB Rene Napoles
|
0-0: SINGLE (Groundball, 34D, EV 100.0 MPH)
|
|
Batting: RHB Tatsunori Ishigaki
|
0-0: Called Strike 0-1: Foul Ball, location: 2F 0-2: Strikes out looking
|
| Bottom of the 3rd over - 0 runs, 1 hit, 0 errors, 1 left on base; University of Southern California 1 - Coastal Carolina University 0 |
| TOP OF THE 4TH |
|
University of Southern California Trojans batting - Pitching for Coastal Carolina University Chanticleers : LHP Arturo Guevara
|
|
Batting: RHB Jeremy McAbee
|
0-0: Ball 1-0: Ball 2-0: Ground out 4-3 (Groundball, 4, EV 81.9 MPH)
|
|
Batting: LHB Roger Kean
|
0-0: Called Strike 0-1: Ball 1-1: Called Strike 1-2: Strikes out looking
|
|
Batting: RHB Tri Kartini
|
0-0: Swinging Strike 0-1: Ball 1-1: Ball 2-1: Called Strike 2-2: Strikes out swinging
|
| Top of the 4th over - 0 runs, 0 hits, 0 errors, 0 left on base; University of Southern California 1 - Coastal Carolina University 0 |
| BOTTOM OF THE 4TH |
|
Coastal Carolina University Chanticleers batting - Pitching for University of Southern California Trojans : LHP Garett Fazio
|
|
Batting: RHB Dennis Bennett
|
0-0: Called Strike 0-1: Ball 1-1: Ball 2-1: Reached on error, E3 (Groundball, 34S, EV 88.8 MPH)
|
|
Batting: LHB Orlando Hurtado
|
0-0: Ball 1-0: Called Strike 1-1: SINGLE (Groundball, 4M, EV 108.1 MPH) Dennis Bennett to second
|
|
Batting: RHB Isaac Washington
|
0-0: Ball 1-0: Ball 2-0: Foul Ball, location: 2F 2-1: Foul Ball, location: 2F 2-2: Foul Ball, location: 2F 2-2: Foul Ball, location: 2F 2-2: Strikes out swinging
|
|
Batting: RHB Alex Montiel
|
0-0: Ball 1-0: Foul Ball, location: 2F 1-1: Called Strike 1-2: Ball 2-2: Foul Ball, location: 2F 2-2: Strikes out swinging
|
|
Batting: RHB Mark Tart
|
0-0: Called Strike 0-1: Called Strike 0-2: Ball 1-2: Ball 2-2: Foul Ball, location: 2F 2-2: Ball 3-2: Base on Balls Dennis Bennett to third Orlando Hurtado to second
|
|
Batting: RHB Oscar Hernandez
|
0-0: Ball 1-0: Called Strike 1-1: Reached on error, E5 (Groundball, 5S, EV 65.6 MPH) Dennis Bennett scores Orlando Hurtado to third Mark Tart to second
|
|
Batting: LHB Justin Sanders
|
0-0: Called Strike 0-1: Foul Ball, location: 2F 0-2: Foul Ball, location: 2F 0-2: Strikes out swinging
|
| Bottom of the 4th over - 1 run, 1 hit, 2 errors, 3 left on base; University of Southern California 1 - Coastal Carolina University 1 |
| TOP OF THE 5TH |
|
University of Southern California Trojans batting - Pitching for Coastal Carolina University Chanticleers : LHP Arturo Guevara
|
|
Batting: LHB Alonzo Catalan
|
0-0: SINGLE (Groundball, 6MD, EV 106.2 MPH)
|
|
Batting: LHB John Rumbolt
|
0-0: SINGLE (Groundball, 4MD, EV 98.1 MPH) Alonzo Catalan to second Runner from 2nd tries for 3rd, SAFE, throw by CF made to third
|
|
Batting: RHB Eric Baker
|
0-0: DOUBLE (Groundball, 5L, EV 100.6 MPH) Alonzo Catalan scores John Rumbolt to third Runner from 3rd tries for Home, throw by LF and OUT! 7-6-2
|
|
Batting: SHB Jason Keys
|
0-0: Ball 1-0: Ball 2-0: SINGLE (Line Drive, 6D, EV 103.8 MPH) Eric Baker to third
|
|
Batting: RHB Rick Acevedo
|
0-0: Ball 1-0: Ball 2-0: Swinging Strike 2-1: Ball 3-1: Foul Ball, location: 2F 3-2: Grounds into double play, 5-4-3 (Groundball, 5, EV 93.1 MPH)
|
| Top of the 5th over - 1 run, 4 hits, 0 errors, 1 left on base; University of Southern California 2 - Coastal Carolina University 1 |
| BOTTOM OF THE 5TH |
|
Coastal Carolina University Chanticleers batting - Pitching for University of Southern California Trojans : LHP Garett Fazio
|
|
Batting: RHB Rene Napoles
|
0-0: Ball 1-0: Swinging Strike 1-1: SINGLE (Groundball, 25, EV 67.5 MPH) (infield hit)
|
|
Batting: RHB Tatsunori Ishigaki
|
0-0: Ball 1-0: Ball 2-0: Called Strike 2-1: Ground out U3 (Groundball, 3S, EV 67.5 MPH) Rene Napoles to second
|
|
Batting: RHB Dennis Bennett
|
0-0: Ball 1-0: Fly out, F9 (Flyball, 9, EV 85.6 MPH)
|
|
Pitching: RHP Tyshawn Calvin
|
|
|
Batting: LHB Orlando Hurtado
|
0-0: Foul Ball, location: 2F 0-1: Ball 1-1: Foul Ball, location: 2F 1-2: Ball 2-2: Ball 3-2: Strikes out looking
|
| Bottom of the 5th over - 0 runs, 1 hit, 0 errors, 1 left on base; University of Southern California 2 - Coastal Carolina University 1 |
| TOP OF THE 6TH |
|
University of Southern California Trojans batting - Pitching for Coastal Carolina University Chanticleers : LHP Arturo Guevara
|
|
Pitching: RHP Eric Dunkerley
|
|
|
Batting: RHB John Sandberg
|
0-0: SINGLE (Groundball, 34D, EV 94.4 MPH)
|
|
Batting: RHB Jeremy McAbee
|
0-0: Ground out 6-3 (Groundball, 6S, EV 67.5 MPH) John Sandberg to second
|
|
Pitching: LHP David Medina
|
|
|
Batting: LHB Roger Kean
|
0-0: Called Strike 0-1: Swinging Strike 0-2: Ball 1-2: Strikes out looking
|
|
Batting: RHB Tri Kartini
|
0-0: Ball 1-0: Called Strike 1-1: Ground out U3 (Groundball, 3, EV 80.6 MPH)
|
| Top of the 6th over - 0 runs, 1 hit, 0 errors, 1 left on base; University of Southern California 2 - Coastal Carolina University 1 |
| BOTTOM OF THE 6TH |
|
Coastal Carolina University Chanticleers batting - Pitching for University of Southern California Trojans : RHP Tyshawn Calvin
|
|
Batting: RHB Isaac Washington
|
0-0: Called Strike 0-1: Ball 1-1: Ball 2-1: Ground out 6-3 (Groundball, 6S, EV 80.6 MPH)
|
|
Batting: RHB Alex Montiel
|
0-0: SINGLE (Groundball, 4D, EV 100.0 MPH)
|
|
Batting: RHB Mark Tart
|
0-0: Ball Alex Montiel steals 2nd base 1-0: Called Strike 1-1: Swinging Strike 1-2: Foul Ball, location: 2F 1-2: Ball 2-2: Strikes out looking
|
|
Batting: RHB Oscar Hernandez
|
0-0: Called Strike 0-1: Ball 1-1: Ball 2-1: Ball 3-1: Base on Balls
|
|
Batting: LHB Justin Sanders
|
0-0: Ball 1-0: Swinging Strike 1-1: Called Strike 1-2: Ball 2-2: Foul Ball, location: 2F 2-2: Strikes out swinging
|
| Bottom of the 6th over - 0 runs, 1 hit, 0 errors, 2 left on base; University of Southern California 2 - Coastal Carolina University 1 |
| TOP OF THE 7TH |
|
University of Southern California Trojans batting - Pitching for Coastal Carolina University Chanticleers : LHP David Medina
|
|
Batting: LHB Alonzo Catalan
|
0-0: Ball 1-0: Foul Ball, location: 2F 1-1: Called Strike 1-2: Ball 2-2: Ball 3-2: Base on Balls
|
|
Batting: LHB John Rumbolt
|
0-0: Called Strike Alonzo Catalan steals 2nd base 0-1: Swinging Strike 0-2: Ball 1-2: Strikes out looking
|
|
Batting: RHB Eric Baker
|
0-0: Intentional Walk
|
|
Batting: SHB Jason Keys
|
0-0: Ball Alonzo Catalan steals 3rd base 1-0: Called Strike 1-1: Called Strike 1-2: Ball 2-2: Grounds into double play, 6-4-3 (Groundball, 6, EV 106.9 MPH)
|
| Top of the 7th over - 0 runs, 0 hits, 0 errors, 1 left on base; University of Southern California 2 - Coastal Carolina University 1 |
| BOTTOM OF THE 7TH |
|
Coastal Carolina University Chanticleers batting - Pitching for University of Southern California Trojans : RHP Tyshawn Calvin
|
|
Batting: RHB Rene Napoles
|
0-0: Foul Ball, location: 2F 0-1: Called Strike 0-2: Ball 1-2: Strikes out swinging
|
|
Batting: RHB Tatsunori Ishigaki
|
0-0: Ball 1-0: Ball 2-0: Ball 3-0: Called Strike 3-1: Swinging Strike 3-2: Base on Balls
|
|
Batting: RHB Dennis Bennett
|
0-0: Called Strike 0-1: Fielders Choice at 2nd, 3-6 (Groundball, 3, EV 90.6 MPH)
|
|
Batting: LHB Orlando Hurtado
|
0-0: SINGLE (Groundball, 6MS, EV 66.9 MPH) (infield hit) Dennis Bennett to second
|
|
Batting: RHB Isaac Washington
|
0-0: Ball 1-0: Swinging Strike 1-1: Ground out 1-3 (Groundball, P, EV 66.2 MPH)
|
| Bottom of the 7th over - 0 runs, 1 hit, 0 errors, 2 left on base; University of Southern California 2 - Coastal Carolina University 1 |
| TOP OF THE 8TH |
|
University of Southern California Trojans batting - Pitching for Coastal Carolina University Chanticleers : LHP David Medina
|
|
Pitching: RHP Mitsuaki Fukunaga
|
|
|
Batting: RHB Rick Acevedo
|
0-0: DOUBLE (Line Drive, 8LXD, EV 106.9 MPH)
|
|
Batting: RHB John Sandberg
|
0-0: Ground out 4-3 (Groundball, 4S, EV 83.1 MPH) Rick Acevedo to third
|
|
Batting: RHB Jeremy McAbee
|
0-0: Hit by Pitch
|
|
Batting: LHB Roger Kean
|
0-0: Ball Squeeze bunt is on, Rick Acevedo is out 1-1: Called Strike 1-2: Ball 2-2: Fly out, F7 (Flyball, 78S, EV 95.0 MPH)
|
| Top of the 8th over - 0 runs, 1 hit, 0 errors, 1 left on base; University of Southern California 2 - Coastal Carolina University 1 |
| BOTTOM OF THE 8TH |
|
Coastal Carolina University Chanticleers batting - Pitching for University of Southern California Trojans : RHP Tyshawn Calvin
|
|
Pitching: RHP Bartholomous Sauer
|
|
|
Batting: RHB Alex Montiel
|
0-0: Called Strike 0-1: Reached on error, E6 (Groundball, 56, EV 102.5 MPH)
|
|
Batting: RHB Mark Tart
|
0-0: Ball 1-0: Foul Ball, location: 2F 1-1: Swinging Strike 1-2: Strikes out swinging
|
|
Batting: RHB Oscar Hernandez
|
0-0: Ball 1-0: Called Strike 1-1: Foul Ball, location: 2F 1-2: Strikes out swinging
|
|
Batting: LHB Justin Sanders
|
0-0: Called Strike 0-1: Foul Ball, location: 2F 0-2: Ball 1-2: Ground out U3 (Groundball, 3, EV 103.1 MPH)
|
| Bottom of the 8th over - 0 runs, 0 hits, 1 error, 1 left on base; University of Southern California 2 - Coastal Carolina University 1 |
| TOP OF THE 9TH |
|
University of Southern California Trojans batting - Pitching for Coastal Carolina University Chanticleers : RHP Mitsuaki Fukunaga
|
|
Batting: RHB Tri Kartini
|
0-0: Ball 1-0: Foul Ball, location: 2F 1-1: Ball 2-1: Swinging Strike 2-2: Strikes out looking
|
|
Batting: LHB Alonzo Catalan
|
0-0: Called Strike 0-1: Foul Ball, location: 2F 0-2: Foul Ball, location: 2F 0-2: Foul Ball, location: 2F 0-2: Strikes out swinging
|
|
Batting: LHB John Rumbolt
|
0-0: Ball 1-0: Ball 2-0: Called Strike 2-1: Ball 3-1: Base on Balls
|
|
Batting: RHB Eric Baker
|
0-0: Called Strike John Rumbolt steals 2nd base 0-1: SINGLE (Line Drive, 78S, EV 93.1 MPH) John Rumbolt to third Runner from 3rd tries for Home, SAFE, throw by LF to home
|
|
Batting: SHB Jason Keys
|
0-0: Foul Ball, location: 2F 0-1: Ball 1-1: Ball 2-1: Fly out, F6 (Popup, P, EV 85.6 MPH)
|
| Top of the 9th over - 1 run, 1 hit, 0 errors, 1 left on base; University of Southern California 3 - Coastal Carolina University 1 |
| BOTTOM OF THE 9TH |
|
Coastal Carolina University Chanticleers batting - Pitching for University of Southern California Trojans : RHP Bartholomous Sauer
|
|
Pitching: RHP Steve Depre
|
|
|
Now at 1B: Jim Baltazar
|
|
|
Batting: RHB Rene Napoles
|
0-0: Called Strike 0-1: Swinging Strike 0-2: Ball 1-2: Strikes out swinging
|
|
Batting: RHB Tatsunori Ishigaki
|
0-0: Ball 1-0: Foul Ball, location: 2F 1-1: Ball 2-1: Foul Ball, location: 2F 2-2: Ball 3-2: Base on Balls
|
|
Batting: RHB Dennis Bennett
|
0-0: Ball 1-0: Swinging Strike 1-1: Foul Ball, location: 2F 1-2: Ball 2-2: Strikes out swinging
|
|
Batting: LHB Orlando Hurtado
|
0-0: Swinging Strike 0-1: Ball 1-1: Swinging Strike 1-2: Foul Ball, location: 2F 1-2: Ball 2-2: Foul Ball, location: 2F 2-2: Strikes out swinging
|
| Bottom of the 9th over - 0 runs, 0 hits, 0 errors, 1 left on base; University of Southern California 3 - Coastal Carolina University 1 |
|